 Dungeon Crawl Stone Soup version 0.31.0-32-g396128a36d (webtiles) character file.

Game seed: 17593964229462056362

434 jagang the Slasher (level 7, -9/54 HPs)
             Began as a Human Monk on Mar 12, 2024.
             Was a Follower of Okawaru.
             Killed by divine providence
             ... invoked by an orc priest
              (15 damage)
             ... on level 5 of the Dungeon.
             The game lasted 00:06:24 (3528 turns).

jagang the Slasher (Human Monk)                     Turns: 3528, Time: 00:06:25

Health: -9/54      AC:  5    Str: 12    XL:     7   Next: 0%
Magic:  5/7        EV: 12    Int: 10    God:    Okawaru [*.....]
Gold:   343        SH:  0    Dex: 17    Spells: 6/6 levels left

rFire   + . .        a - +0 falchion
rCold   + . .        d - orb {light}
rNeg    + . .        j - +0 ring mail
rPois   .            (no helmet)
rElec   .            m - scarf {rC+ rF+}
rCorr   .            (no gloves)
SInv    +            (no boots)
Will    .....        (no amulet)
Stlth   +            n - ring of see invisible
HPRegen 0.29/turn    o - ring of positive energy
MPRegen 0.10/turn

%: no passive effects
@: glowing
A: explore regen
a: Renounce Religion, Heroism


You were on level 5 of the Dungeon.
You worshipped Okawaru.
Okawaru was aware of your devotion.
You visited 2 branches of the dungeon, and saw 6 of its levels.

You collected 343 gold pieces.

Inventory:

Hand Weapons
 a - a +0 falchion (weapon)
Missiles
 g - 7 poisoned darts
 k - a boomerang (quivered)
Armour
 d - an orb of light (worn)
 j - a +0 ring mail (worn)
 m - a scarf of resistance (worn)
Jewellery
 l - a ring of magical power
 n - a ring of see invisible (left hand)
 o - a ring of positive energy (right hand)
Scrolls
 b - 2 scrolls of teleportation {unknown}
 f - a scroll of fog {unknown}
 h - a scroll of silence {unknown}
Potions
 c - a potion of ambrosia
 e - 3 potions of heal wounds {unknown}
 i - a potion of cancellation {unknown}
 p - a potion of brilliance {unknown}


   Skills:
 + Level 4.1 Fighting
 * Level 5.0 Long Blades
 - Level 2.0 Throwing
 + Level 2.5 Armour
 + Level 4.0 Dodging
 + Level 1.0 Shields


You had 6 spell levels left.
You didn't know any spells.
Your spell library contained the following spells:

 Spells                   Type           Power      Damage    Failure   Level
 Sandblast                Erth           0%         2d4       63%         1
 Sting                    Conj/Alch      0%         1d3       63%         1
 Mercury Vapours          Alch/Air       0%         N/A       77%         2
 Passwall                 Erth           0%         N/A       94%         3
 Stone Arrow              Conj/Erth      0%         3d7       94%         3
 Brom's Barrelling Bould  Conj/Erth      0%         2d3       100%        4
 Olgreb's Toxic Radiance  Alch           0%         N/A       100%        4


Dungeon Overview and Level Annotations

Branches:
Dungeon (5/15)             Temple (1/1) D:4

Altars:
Ashenzari
Cheibriados
Elyvilon
Fedhas
Gozag
Hepliaklqana
Kikubaaqudgha
Nemelex Xobeh
Okawaru
Qazlal
Ru
Trog
Uskayaw
Vehumet
Wu Jian
Xom
Yredelemnul
Zin
The Shining One


Innate Abilities, Weirdness & Mutations

You regain HP and MP as you explore.


Message History

You hit the orc priest but do no damage.
The orc priest is lightly wounded.
The orc hits you but does no damage. The orc priest hits you with a +0 club.
The orc priest barely misses you.
You hit the orc priest.
The orc priest is heavily wounded.
The orc barely misses you. The orc priest barely misses you.
The orc priest hits you from afar with a +1 trident of distortion.
Space warps horribly around you.
You hit the orc priest.
The orc priest is almost dead.
You feel like a meek peon again. The orc hits you but does no damage.
The orc priest barely misses you.
The orc priest mumbles some strange prayers to Beogh against you.
Beogh smites you!
You hit the orc priest.
You kill the orc priest!
Okawaru accepts your kill. The orc closely misses you.
The orc priest begins to cast a cantrip, but forgets the words!
Your Shields skill increases to level 1!
You have reached level 7!
The orc hits you with a +0 dagger. The orc priest barely misses you.
Items here: )) [[.
You hit the orc priest.
The orc priest is lightly wounded.
The orc barely misses you.
The orc priest miscasts a cantrip.
You hit the orc priest.
The orc priest is moderately wounded.
The orc completely misses you.
The orc priest hits you with a +1 trident of distortion.
Space warps horribly around you!!
* * * LOW HITPOINT WARNING * * *
You completely miss the orc priest.
The orc priest is moderately wounded.
The orc hits you but does no damage.
The orc priest mumbles some strange prayers to Beogh against you.
Beogh smites you!
You die...

#..##. #......#
#..[.#..#..
......#....#....#..##.
#.....##...#....#..##.
#.....##...#....#..##.
#..........#....#..##.
#.....##...#....#.....
#.....##...#....# ...
+...o@#....#....##.###
#....o'....#.....# #
#.....##...#.....# #
########...#)....# #
+...'.....# #
#...#...>.# #
#####.....### #
#.......###
#.......#..


You could see an orc priest and an orc.

Vanquished Creatures
  Sigmund (D:3)
  A scorpion (D:4)
  An orc priest (D:5)
  2 jellies (D:4)
  An iguana (D:4)
  2 adders (D:2)
  4 orcs
  7 ball pythons
  6 endoplasms
  2 giant cockroaches
  5 hobgoblins
  7 jackals
  6 kobolds
  6 quokkas
  4 bats
  2 frilled lizards (D:2)
  5 goblins
  7 rats
69 creatures vanquished.

Notes
Turn   | Place    | Note
-------+----------+-------------------------------------------
     0 | D:1      | jagang the Human Monk began the quest for the Orb.
     0 | D:1      | Reached XP level 1. HP: 18/18 MP: 1/1
   193 | D:1      | Reached XP level 2. HP: 21/24 MP: 2/2
  1050 | D:2      | You fall into a shaft and drop 2 floors!
  1205 | D:3      | Reached XP level 3. HP: 28/29 MP: 3/3
  1601 | D:2      | Reached skill level 1 in Armour
  1646 | D:2      | Identified the +2 ring mail of Heac With {-Tele Harm +Inv
                  | rElec}
  1772 | D:2      | Reached XP level 4. HP: 35/35 MP: 4/4
  1773 | D:2      | Reached skill level 1 in Throwing
  2084 | D:3      | Noticed Sigmund
  2102 | D:3      | Killed Sigmund
  2103 | D:3      | Reached skill level 4 in Long Blades
  2103 | D:3      | Reached XP level 5. HP: 21/42 MP: 5/5
  2103 | D:3      | Reached XP level 6. HP: 24/48 MP: 6/6
  2634 | D:4      | Found a staircase to the Ecumenical Temple.
  2685 | Temple   | Entered the Ecumenical Temple
  2698 | Temple   | Became a worshipper of Warmaster Okawaru
  2698 | Temple   | Reached * piety under Okawaru
  2698 | Temple   | Reached ** piety under Okawaru
  2959 | D:4      | Found a white marble altar of Elyvilon.
  3136 | D:4      | Reached skill level 5 in Long Blades
  3408 | D:5      | Entered Level 5 of the Dungeon
  3525 | D:5      | Reached skill level 1 in Shields
  3525 | D:5      | Reached XP level 7. HP: 31/54 MP: 5/7
  3528 | D:5      | Killed from afar by an orc priest

Illustrated notes

Levels and vault maps discovered:
D:1:      evilmike_arrival_fibonacci_small, layout_basic
D:2:      layout_basic
D:3:      layout_rooms, uniq_sigmund
D:4:      layout_basic, mainiacjoe_overflow_catwalk,
          minmay_temple_entry_drinking_statues
D:5:      layout_gridville
Temple:   mainiacjoe_temple_coin_purse

Skill      XL: |  1  2  3  4  5  6 |
---------------+-------------------+-----
Armour         | 1 2 |  2.5
Throwing       | 1 2 |  2.0
Long Blades    | 4 5 |  5.0
Fighting       | 4 |  4.1
Dodging        | 4 |  4.0
Shields        | 1 |  1.0

Action                     |  1- 3 |  4- 6 |  7- 9 || total
---------------------------+-------+-------+-------++-------
  Melee: Falchion          |    95 |    78 |     3 ||   176
  Throw: Boomerang         |       |    35 |       ||    35
 Invoke: Heroism           |       |     1 |       ||     1
 Armour: Robe              |    24 |       |       ||    24
         Ring mail         |    34 |    37 |     3 ||    74
  Dodge: Dodged            |    75 |    64 |     3 ||   142
